 Dungeon Crawl Stone Soup version 0.22.1-1-ga44c0e5 (webtiles) character file.

44 brandon the Firebug (level 3, 0/19 HPs)
             Began as a Deep Elf Fire Elementalist on Oct 9, 2018.
             Slain by a bullfrog zombie (6 damage)
             ... on level 2 of the Dungeon.
             The game lasted 00:02:58 (1256 turns).

brandon the Firebug (Deep Elf Fire Elementalist)    Turns: 1256, Time: 00:02:59

Health: 0/19       AC:  2    Str:  5    XL:     3   Next: 41%
Magic:  4/10       EV: 13    Int: 20    God:
Gold:   30         SH:  0    Dex: 15    Spells: 3/9 levels left

rFire    . . .     SeeInvis .   b - +0 club
rCold    . . .     Gourm    .   (no shield)
rNeg     . . .     Faith    .   a - +0 robe
rPois    .         Spirit   .   (no helmet)
rElec    .         Reflect  .   (no cloak)
rCorr    .         Harm     .   (no gloves)
MR       .....                  (no boots)
Stlth    ++........             (no amulet)
HPRegen  0.06/turn              (no ring)
MPRegen  0.12/turn              (no ring)

@: very slightly contaminated
A: no striking features
a: no special abilities


You were on level 2 of the Dungeon.
You were not hungry.

You visited 1 branch of the dungeon, and saw 2 of its levels.

You collected 30 gold pieces.

Inventory:

Hand Weapons
 b - a +0 club (weapon)
Armour
 a - a +0 robe (worn)
Scrolls
 d - a scroll of fog {unknown}
 e - a scroll of enchant weapon {unknown}
 g - a scroll of teleportation {unknown}
 h - 2 scrolls of identify {unknown}
Potions
 i - a potion of might {unknown}
 j - 2 potions of agility {unknown}
 k - a potion of curing {unknown}
 l - a potion of cancellation {unknown}
 m - a potion of ambrosia {unknown}
Comestibles
 c - 4 rations
 f - a chunk of flesh


   Skills:
 - Level 2.4 Dodging
 - Level 2.4 Stealth
 + Level 3.6 Spellcasting
 * Level 2.7 Conjurations
 + Level 3.7 Fire Magic


You had 3 spell levels left.
You knew the following spells:

 Your Spells              Type           Power        Failure   Level  Hunger
a - Flame Tongue          Conj/Fire      ###..        3%          1    None
b - Throw Flame           Conj/Fire      ###...       5%          2    ##.....
c - Conjure Flame         Conj/Fire      ###.....     11%         3    ###....

Your spell library contained the following spells:

 Spells                   Type           Power        Failure   Level  Hunger
 Inner Flame              Hex/Fire       ##......     19%         3    ###....
 Sticky Flame             Conj/Fire      ###.....     34%         4    ####...
 Fireball                 Conj/Fire      ###.......   67%         5    ######.


Dungeon Overview and Level Annotations

Branches:
Dungeon (2/15)

Altars:


Message History

The bullfrog zombie is moderately damaged.
The bullfrog zombie hits you.
* * * LOW HITPOINT WARNING * * *
Casting: Flame Tongue (safe; 3% risk of failure)
Confirm with . or Enter, or press ? or * to list all spells.
Aiming: Flame Tongue (safe; 3% risk of failure)
Press: ? - help, Shift-Dir - straight line, f/p - bullfrog zombie
Aim: a bullfrog zombie (moderately damaged)
You miscast Flame Tongue.
You are very lightly contaminated with residual magic.
Nothing appears to happen.
The bullfrog zombie closely misses you.
Casting: Flame Tongue (safe; 3% risk of failure)
Confirm with . or Enter, or press ? or * to list all spells.
Aiming: Flame Tongue (safe; 3% risk of failure)
Press: ? - help, Shift-Dir - straight line, f/p - bullfrog zombie
Aim: a bullfrog zombie (moderately damaged)
The flame tongue hits the bullfrog zombie.
The bullfrog zombie is moderately damaged.
The bullfrog zombie closely misses you. The bullfrog zombie hits you.
You die...

###################
...(..............######
........................
.K...![.................
.......................
#...................
..#+#....?..............
.......Z................
.......@....)...........
........?...........####
..#+#...................
. ........###..........
.....<...# #..........
...........# #######....
...........# #####
............


You could see a bullfrog zombie.

Vanquished Creatures
  An adder (D:2)
  A dart slug (D:1)
  2 ball pythons
  5 bats (D:1)
  3 giant cockroaches
  3 goblins (D:1)
  4 hobgoblins (D:1)
  5 kobolds (D:1)
  7 rats
31 creatures vanquished.

Notes
Turn   | Place    | Note
-------+----------+-------------------------------------------
     0 | D:1      | brandon the Deep Elf Fire Elementalist began the quest for
                  | the Orb.
     0 | D:1      | Reached XP level 1. HP: 10/10 MP: 6/6
   300 | D:1      | Reached XP level 2. HP: 15/15 MP: 5/8
   309 | D:1      | Learned a level 2 spell: Throw Flame
   720 | D:1      | Reached XP level 3. HP: 19/19 MP: 3/10
   728 | D:1      | Learned a level 3 spell: Conjure Flame
  1256 | D:2      | Slain by a bullfrog zombie

Skill      XL: |  1  2 |
---------------+-------+-----
Conjurations   | 2 |  2.7
Dodging        | |  2.4
Stealth        | |  2.4
Spellcasting   | |  3.6
Fire Magic     | |  3.7

Action                   || total
-------------------------++-------
Melee: Club              ||     2
 Cast: Flame Tongue      ||    49
       Throw Flame       ||     8
  Eat: Chunk             ||     1
Armor: Robe              ||     7
Dodge: Dodged            ||    18
